 Dungeon Crawl Stone Soup version 0.22-a0-3-g4fa69d9 (webtiles) character file.

55728 mortelune the Destroyer (level 14, -1/124 HPs)
             Began as a Yellow Draconian Fire Elementalist on Dec 31, 2017.
             Was an Elder of Vehumet.
             Slain by Rupert
             ... wielding a +2 great mace of draining
              (25 damage)
             ... on level 3 of the Lair of Beasts on Jan 1, 2018.
             The game lasted 02:02:52 (41820 turns).

mortelune the Destroyer (DrFE)                     Turns: 41820, Time: 02:02:53

Health: -1/124     AC: 15    Str: 10    XL:     14   Next: 39%
Magic:  21/28      EV: 12    Int: 32    God:    Vehumet [****..]
Gold:   1047       SH:  0    Dex: 12    Spells: 4/33 levels left

rFire    . . .     SeeInvis .   m - +4 trident (venom)
rCold    . . .     Gourm    +   (no shield)
rNeg     . . .     Faith    .   (armour unavailable)
rPois    .         Spirit   .   c - +2 hat {Int+3}
rElec    .         Reflect  .   j - +2 cloak
rCorr    +         Harm     .   G - +0 pair of gloves
MR       +....                  f - +0 pair of boots
Stlth    +.........             e - amulet of the gourmand
HPRegen  0.30/turn              N - +5 ring of intelligence
MPRegen  0.21/turn              T - +3 ring of intelligence

@: short of breath, very heavily drained
A: spit acid, acid resistance, unfitting armour, acidic bite, cold-blooded, AC
+8
a: Breathe Acid, Renounce Religion


You were on level 3 of the Lair of Beasts.
You worshipped Vehumet.
Vehumet was greatly pleased with you.
You were not hungry.

You visited 3 branches of the dungeon, and saw 19 of its levels.

You collected 1391 gold pieces.
You spent 344 gold pieces at shops.

Inventory:

Hand Weapons
 m - a +4 trident of venom (weapon)
 y - the +6 mace of Goceadiv {crush, +Blink rN+ Dex-3 Stlth+}
   (You found it on level 4 of the Dungeon)

   It inflicts extra damage upon your enemies.
   It affects your dexterity (-3).
   It protects you from negative energy.
   It lets you blink.
   It makes you more stealthy.
Armour
 c - a +2 hat of intelligence (worn)
 f - a +0 pair of boots (worn)
 j - a +2 cloak (worn)
 G - a +0 pair of gloves (worn)
Jewellery
 e - an amulet of the gourmand (around neck)
 q - an uncursed ring of ice
 x - an uncursed ring of protection from fire
 N - a +5 ring of intelligence (left hand)
 T - a +3 ring of intelligence (right hand)
Wands
 C - a wand of scattershot (6)
 L - a wand of flame (147)
 O - a wand of disintegration (21)
 P - a wand of acid (18)
 S - a wand of iceblast (4)
 V - a wand of polymorph (10)
Scrolls
 g - a scroll of silence {unknown}
 k - a scroll of amnesia
 A - 11 scrolls of remove curse
 B - a scroll of summoning {unknown}
 D - a scroll of teleportation
 E - a scroll of holy word {unknown}
 H - a scroll of blinking {unknown}
 I - a scroll of vulnerability {unknown}
 J - 6 scrolls of magic mapping
 M - 2 scrolls of fear
 Q - a scroll of fog {unknown}
 U - a scroll of acquirement {unknown}
 W - a scroll of enchant weapon
 X - 3 scrolls of immolation {unknown}
 Y - 2 scrolls of enchant armour
 Z - 4 scrolls of identify
Potions
 h - 2 potions of lignification
 i - 2 potions of mutation
 l - 3 potions of brilliance
 o - 4 potions of might
 p - 3 potions of invisibility
 r - 3 potions of degeneration
 s - 2 potions of ambrosia
 t - 5 potions of flight
 u - a potion of magic
 v - 4 potions of curing
 w - 6 potions of haste
 z - a potion of heal wounds
 F - 2 potions of cancellation
 K - a potion of berserk rage {unknown}
Books
 a - a book of Conjurations

   Spells                             Type                      Level
   a - Magic Dart                     Conjuration                  1
   b - Searing Ray                    Conjuration                  2
   c - Dazzling Spray                 Conjuration/Hexes            3
   d - Fulminant Prism                Conjuration/Hexes            4
   e - Force Lance                    Conjuration/Translocation    4
   f - Iskenderun's Mystic Blast      Conjuration                  4
 d - a book of Misfortune

   Spells                             Type                      Level
   a - Confusing Touch                Hexes                        1
   b - Confuse                        Hexes                        3
   c - Gell's Gravitas                Translocation                3
   d - Petrify                        Transmutation/Earth          4
   e - Metabolic Englaciation         Hexes/Ice                    5
   f - Yara's Violent Unravelling     Hexes/Transmutation          5
Miscellaneous
 R - a lightning rod (4/4)
Comestibles
 b - 27 rations


   Skills:
 + Level 11.6(8.1) Fighting
 + Level 5.4(2.4) Dodging
 - Level 1.7(0.0) Stealth
 + Level 10.2(6.8) Spellcasting
 * Level 14.7(10.9) Conjurations
 + Level 11.3(7.8) Fire Magic
 - Level 7.0(3.8) Evocations


You had 4 spell levels left.
You knew the following spells:

 Your Spells              Type           Power        Failure   Level  Hunger
a - Flame Tongue          Conj/Fire      #####        1%          1    None
b - Throw Flame           Conj/Fire      ######       1%          2    None
c - Conjure Flame         Conj/Fire      ######..     1%          3    None
d - Fireball              Conj/Fire      ######....   1%          5    ####...
e - Sticky Flame          Conj/Fire      ######..     1%          4    ##.....
f - Stone Arrow           Conj/Erth      #####.       1%          3    None
g - Venom Bolt            Conj/Pois      #####.....   3%          5    ####...
h - Iron Shot             Conj/Erth      #####.....   17%         6    ######.


Dungeon Overview and Level Annotations

Branches:
Dungeon (12/15)            Temple (0/1) D:7            Lair (6/6) D:11
  Swamp (0/4) Lair:4        Snake (0/4) Lair:2        Slime (0/5) Lair:6
    Orc (1/2) D:11

Altars:
Ashenzari
Fedhas
Makhleb
Okawaru
Trog
Vehumet
Yredelemnul
The Shining One
Beogh

Shops:
D:4 !   D:7 :*   D:10 !

Annotations:
Lair:3 Rupert
Lair:6 Gorice's ghost, journeyman HOFi


Innate Abilities, Weirdness & Mutations

You can spit globs of acid.
You are resistant to acid.
Your golden yellow scales are hard. (AC +8)
You cannot fit into any form of body armour.
You have acidic saliva.
You are cold-blooded and may be slowed by cold attacks.


Message History

Rupert is severely wounded.
Rupert is covered in liquid flames!
Rupert burns!
Rupert hits you with a great mace of draining!!
You feel drained.
Rupert hits you with a great mace of draining!!
* * * LOW HITPOINT WARNING * * *
You feel drained.
* * * LOW HITPOINT WARNING * * *
Okay, then.
You feel much better.
Rupert burns!
Rupert hits you but does no damage.
You feel drained.
Press: ? - help, Shift-Dir - straight line, f/p - Rupert
Aim: Rupert, wielding a great mace of draining and wearing a glowing leather armour (severely wounded, berserk, fast, unusually strong, covered in liquid flames)
You spit a glob of acid.
The glob of acid hits Rupert.
Rupert is splashed with acid.
The acid corrodes Rupert!
Rupert is severely wounded.
Rupert is splashed with acid.
The acid corrodes Rupert!
You feel somewhat more hungry.
Rupert burns!
Rupert hits you with a great mace of draining!!
You die...

*,*........#.#..........≈..
**,,....P....####....≈≈≈≈≈≈≈
*****,,,........#.# #.....≈≈≈≈≈≈
*,*,P,,,#........## ##...≈≈≈≈≈≈≈
*,,,,,,*###....## ##.≈≈≈≈.≈.≈
**,,,,,,,*#..#..## *≈≈≈≈≈.>.≈
*,,,,,,***##.....#####*#≈≈≈≈≈.≈≈
***P,,** #......#.P.#*P≈≈≈≈≈≈≈≈
*,,,* #....@.....#**,.≈≈≈≈≈≈
*P,P* #....@.....#**,≈≈≈≈≈≈≈
**,,* ##.........##....≈....
**,*** #......(.###.........
*,,,P* #.........##.........
*,,,,* ###.................P
*,,,******##...P##............
*,,,***,,*#.....##......#.P...
*,*,,**,,,*##..#...#.....##....


You could see Rupert (berserk).

Vanquished Creatures
  Gastronok (Lair:3)
  Nessos (D:12)
  Snorg (D:12)
  6 hydras
  2 two-headed ogres
  The ghost of Lanoc the Grappler, a novice DrTm of Qazlal (D:8)
  A death yak (Lair:4)
  Sonja (Lair:1)
  Nergalle (Lair:3)
  2 unseen horrors
  An ugly thing (D:12)
  4 oklob plants (Lair:1)
  6 elephants
  Maurice (D:9)
  3 black mambas
  Joseph (D:9)
  26 spiny frogs
  6 komodo dragons
  A rime drake (Lair:2)
  A queen bee (Lair:4)
  3 meliai (Lair:4)
  2 polar bears (Lair:4)
  2 tyrant leeches (Lair:6)
  28 blink frogs
  6 slime creatures
  10 hippogriffs
  26 yaks
  A wyvern (Lair:4)
  A human (D:8)
  A steam dragon (D:10)
  2 basilisks
  4 hogs
  A hungry ghost (D:9)
  Grum (Lair:1)
  6 vampire mosquitoes
  3 nagas (Lair:2)
  2 acid dragons (D:12)
  14 water moccasins
  2 orc warriors
  8 porcupines
  3 sky beasts
  An ice beast (D:12)
  3 phantoms
  An eye of draining (D:9)
  5 ogres
  3 necrophages
  10 centaurs
  9 wolves
  14 crocodiles
  3 big kobolds
  29 bullfrogs
  2 gnoll sergeants
  A wyvern zombie (D:10)
  3 scorpions
  A wyvern skeleton (D:10)
  A water moccasin skeleton (D:5)
  28 killer bees
  4 wights (D:9)
  2 spriggan skeletons (D:9)
  6 electric eels
  7 crimson imps
  3 centaur zombies
  3 bullfrog skeletons
  A bullfrog zombie (D:12)
  5 hounds
  5 orc priests
  3 jellies
  A quasit (D:9)
  4 centaur skeletons
  5 iguanas
  6 orc wizards
  8 worker ants
  2 hound zombies
  10 gnolls
  17 adders
  2 shadow imps
  3 oozes
  2 worms
  2 dart slugs (D:1)
  8 leopard geckos
  33 orcs
  5 giant cockroaches
  6 goblins
  8 hobgoblins
  11 jackals
  5 quokkas
  6 bats
  8 frilled lizards
  17 kobolds
  8 rats
  2 fungi (Lair:5)
  7 plants
532 creatures vanquished.

Vanquished Creatures (others)
  2 bushes (Lair:3)
  11 fungi
  21 plants
34 creatures vanquished.

Grand Total: 566 creatures vanquished

Notes
Turn   | Place    | Note
-------+----------+-------------------------------------------
     0 | D:1      | mortelune the Draconian Fire Elementalist began the quest for the Orb.
     0 | D:1      | Reached XP level 1. HP: 14/14 MP: 3/3
   382 | D:1      | Reached XP level 2. HP: 22/22 MP: 0/5
   386 | D:1      | Learned a level 2 spell: Throw Flame
  1077 | D:1      | Reached skill level 1 in Fighting
  1077 | D:1      | Reached skill level 2 in Conjurations
  1077 | D:1      | Reached XP level 3. HP: 6/28 MP: 0/6
  1874 | D:1      | Learned a level 3 spell: Conjure Flame
  3155 | D:2      | Reached XP level 4. HP: 26/35 MP: 0/7
  4513 | D:3      | Reached skill level 3 in Conjurations
  5079 | D:3      | Found a radiant altar of Vehumet.
  5089 | D:3      | Reached XP level 5. HP: 40/41 MP: 1/9
  6330 | D:3      | Became a worshipper of Vehumet
  6763 | D:4      | Reached XP level 6. HP: 45/50 MP: 0/10
  6886 | D:4      | Reached skill level 4 in Conjurations
  8002 | D:4      | Found Kahileg's Distillery.
  8010 | D:4      | Bought a potion of heal wounds for 65 gold pieces
  8010 | D:4      | Bought a potion of curing for 39 gold pieces
  8010 | D:4      | Bought a potion of haste for 130 gold pieces
  8096 | D:4      | Found a bloodstained altar of Trog.
  8220 | D:4      | Got a warped mace
  8221 | D:4      | Identified the +6 mace of Goceadiv {crush, +Blink rN+ Dex-3 Stlth+} (You found it on level 4 of the Dungeon)
  8465 | D:5      | Entered Level 5 of the Dungeon
  8497 | D:5      | Your scales start taking on a golden yellow colour.
  8497 | D:5      | Reached XP level 7. HP: 53/57 MP: 8/12
  8548 | D:5      | Reached skill level 5 in Conjurations
  8548 | D:5      | Reached skill level 1 in Evocations
  9415 | D:5      | Reached skill level 5 in Fire Magic
  9415 | D:5      | Reached XP level 8. HP: 66/66 MP: 6/14
  9572 | D:5      | Learned a level 5 spell: Fireball
  9618 | D:5      | Found a shattered altar of Ashenzari.
  9976 | D:6      | Reached * piety under Vehumet
  9976 | D:6      | Offered knowledge of Freeze by Vehumet.
 10132 | D:6      | Learned a level 4 spell: Sticky Flame
 10157 | D:6      | Reached skill level 6 in Conjurations
 11107 | D:7      | Found Zangun's Book Shoppe.
 11520 | D:7      | Found a burning altar of Makhleb.
 11938 | D:7      | Found a blossoming altar of Fedhas.
 11940 | D:7      | Found a basalt altar of Yredelemnul.
 11994 | D:7      | Reached skill level 5 in Fighting
 12001 | D:7      | Reached skill level 7 in Conjurations
 12246 | D:7      | Noticed an unseen horror
 12252 | D:7      | Killed an unseen horror
 12252 | D:7      | Reached skill level 5 in Spellcasting
 12252 | D:7      | Reached XP level 9. HP: 39/74 MP: 5/16
 12414 | D:7      | Found Uhiaph's Assorted Antiques.
 12697 | D:7      | Found a staircase to the Ecumenical Temple.
 12805 | D:8      | Noticed Lanoc's ghost (novice DrTm)
 13032 | D:8      | Learned a level 3 spell: Stone Arrow
 13088 | D:8      | Killed Lanoc's ghost
 13088 | D:8      | Reached skill level 8 in Conjurations
 13261 | D:8      | Found a glowing golden altar of the Shining One.
 13571 | D:8      | Found an iron altar of Okawaru.
 13680 | D:8      | Offered knowledge of Magic Dart by Vehumet.
 13727 | D:7      | Reached ** piety under Vehumet
 13914 | D:8      | Reached XP level 10. HP: 77/84 MP: 9/18
 14124 | D:9      | Reached skill level 5 in Evocations
 14131 | D:9      | Noticed Joseph
 14140 | D:9      | Noticed Maurice
 14969 | D:9      | Reached skill level 9 in Conjurations
 15304 | D:9      | Noticed an unseen horror
 15306 | D:9      | Killed an unseen horror
 15841 | D:9      | Killed Joseph
 15960 | D:9      | Offered knowledge of Static Discharge by Vehumet.
 16117 | D:9      | Paralysed by something for 7 turns
 16145 | D:9      | Paralysed by Maurice for 7 turns
 16645 | D:9      | Reached *** piety under Vehumet
 16645 | D:9      | Reached skill level 10 in Conjurations
 16825 | D:10     | Entered Level 10 of the Dungeon
 16966 | D:10     | Noticed a two-headed ogre
 16975 | D:10     | Killed a two-headed ogre
 17706 | D:10     | Reached XP level 11. HP: 82/93 MP: 14/21
 17876 | D:10     | Found Jatuep's Distillery.
 17890 | D:10     | Bought a potion of curing for 30 gold pieces
 17890 | D:10     | Bought a potion of heal wounds for 50 gold pieces
 17890 | D:10     | Bought a potion of curing for 30 gold pieces
 18254 | D:10     | Offered knowledge of Force Lance by Vehumet.
 19255 | D:11     | Found a staircase to the Lair.
 19391 | D:11     | Found a staircase to the Orcish Mines.
 19562 | D:11     | Noticed a two-headed ogre
 19570 | D:11     | Killed a two-headed ogre
 20001 | Lair:1   | Entered Level 1 of the Lair of Beasts
 20061 | Lair:1   | Reached skill level 11 in Conjurations
 20087 | Lair:1   | Reached **** piety under Vehumet
 20288 | Lair:1   | Noticed a four-headed hydra
 20291 | Lair:1   | Killed a four-headed hydra
 20303 | Lair:1   | Noticed Sonja
 20648 | Lair:1   | Killed Sonja
 20740 | Lair:1   | Noticed an oklob plant
 20872 | Lair:1   | Noticed an oklob plant
 20872 | Lair:1   | Noticed an oklob plant
 20873 | Lair:1   | Noticed an oklob plant
 20886 | Lair:1   | Killed an oklob plant
 21015 | Lair:1   | Killed an oklob plant
 21016 | Lair:1   | Killed an oklob plant
 21129 | Lair:1   | Killed an oklob plant
 21129 | Lair:1   | Offered knowledge of Venom Bolt by Vehumet.
 21471 | Lair:1   | Noticed Grum
 21614 | Lair:1   | Killed Grum
 22282 | Lair:2   | Reached XP level 12. HP: 65/104 MP: 13/24
 22776 | Lair:2   | Reached skill level 12 in Conjurations
 23614 | Lair:2   | Found a staircase to the Snake Pit.
 24251 | Lair:3   | Noticed Gastronok
 25906 | Lair:3   | Reached skill level 10 in Fighting
 26291 | Lair:3   | Reached skill level 10 in Fire Magic
 26301 | Lair:3   | Noticed Rupert
 26534 | Lair:3   | Reached skill level 13 in Conjurations
 26536 | Lair:3   | Noticed Nergalle
 27038 | Lair:3   | Upgraded the game from 0.22-a0 to 0.22-a0-3-g4fa69d9
 27041 | Lair:3   | Killed Nergalle
 27042 | Lair:3   | Paralysed by Rupert for 7 turns
 27572 | Lair:4   | Learned a level 5 spell: Venom Bolt
 28203 | Lair:4   | Reached XP level 13. HP: 111/114 MP: 1/26
 29535 | Lair:4   | Found a staircase to the Swamp.
 31530 | Lair:6   | Entered Level 6 of the Lair of Beasts
 33182 | Lair:6   | Noticed Gorice's ghost (journeyman HOFi)
 33708 | Lair:5   | Reached skill level 14 in Conjurations
 33808 | Lair:5   | Reached ***** piety under Vehumet
 33808 | Lair:5   | Offered knowledge of Iron Shot by Vehumet.
 33821 | Lair:5   | Learned a level 6 spell: Iron Shot
 36063 | Lair:6   | Gained mutation: You have acidic saliva. [Yellow Draconian growth]
 36063 | Lair:6   | Reached XP level 14. HP: 124/124 MP: 7/27
 36855 | Lair:6   | Found a staircase to the Slime Pits.
 37174 | Lair:5   | Reached skill level 10 in Spellcasting
 38449 | Lair:6   | Reached skill level 5 in Dodging
 38625 | D:12     | Noticed Snorg
 40288 | D:12     | Noticed Nessos
 40291 | D:12     | Killed Nessos
 40310 | D:12     | Killed Snorg
 41239 | D:9      | Killed Maurice
 41407 | Orc:1    | Entered Level 1 of the Orcish Mines
 41407 | Orc:1    | Found a roughly hewn altar of Beogh.
 41407 | Orc:1    | Noticed an orc warlord
 41411 | Orc:1    | Noticed an orc warlord
 41651 | Lair:3   | Killed Gastronok
 41806 | Lair:3   | Paralysed by Rupert for 6 turns
 41818 | Lair:3   | HP: 6/124 [Rupert/great mace of draining (7)]
 41820 | Lair:3   | Slain by Rupert

Vault maps used:
D:1:      dpeg_arrival_leaves_temple_mockup, minmay_split_cup_large
D:2:      cheibrodos_helix_gallery
D:3:      old_standard_altar
D:4:      lightli_temple_of_fire, serial_shops, shop, first_ration,
          serial_park_tiny_2
D:5:      ashenzari_conservatory_becter
D:7:      nicolae_overflow_hidden_temple, minmay_temple_entry_statues,
          basic_altar, serial_shops, shop,
          nicolae_shop_temple_entry_statues_fountains
D:8:      lemuel_round_altar, kennysheep_little_box, grunt_livestock
D:9:      hangedman_tell_no_tales, uniq_maurice, uniq_joseph
D:10:     serial_shops, nicolae_shop_trees
D:11:     lair_entry_dummy, orc_0_dummy, minivault_22
D:12:     uniq_snorg, uniq_nessos
Lair:1:   st_stairs_12, infiniplex_staircase_pool, minmay_lair_oklob_chamber,
          serial_bayou_shore_a, uniq_grum, uniq_sonja
Lair:2:   guppyfry_snake_entry_island
Lair:3:   infiniplex_staircase_pool_2, uniq_nergalle, uniq_gastronok,
          uniq_rupert
Lair:4:   minmay_swamp_entry_worms, beast_lair_carwin_4
Lair:6:   minmay_lair_end_frog_pond, minmay_slime_entry_pillars
Orc:1:    basic_altar

Skill      XL: |  1  2  3  4  5  6  7  8  9 10 11 12 13 14 |
---------------+-------------------------------------------+-----
Fighting       | 1 2 3 4 5 6 7 9 10 11 | 11.6
Conjurations   | 2 3 4 5 7 8 10 11 13 14 | 14.7
Spellcasting   | 3 4 5 6 8 9 10 | 10.2
Fire Magic     | 4 5 6 7 9 10 11 | 11.3
Evocations     | 2 3 4 5 7 |  7.0
Dodging        | 2 4 5 |  5.4
Stealth        | |  1.7

Action                   |  1- 3 |  4- 6 |  7- 9 | 10-12 | 13-15 || total
-------------------------+-------+-------+-------+-------+-------++-------
Melee: Dagger            |    26 |       |       |       |       ||    26
       Tailslap          |     2 |     1 |     2 |    13 |     3 ||    21
       Halberd           |     6 |    10 |       |       |       ||    16
       Trident           |       |    15 |       |     4 |    16 ||    35
       Mace              |       |     1 |    54 |   107 |    46 ||   208
       Bite              |       |       |       |       |     1 ||     1
 Cast: Flame Tongue      |    49 |   128 |   152 |   251 |    50 ||   630
       Throw Flame       |     6 |    10 |     8 |    18 |       ||    42
       Conjure Flame     |     1 |     1 |     1 |    10 |     2 ||    15
       Sticky Flame      |       |       |    13 |    82 |    48 ||   143
       Fireball          |       |       |     8 |   135 |   177 ||   320
       Stone Arrow       |       |       |     5 |     8 |       ||    13
       Venom Bolt        |       |       |       |    14 |    42 ||    56
       Iron Shot         |       |       |       |       |    41 ||    41
 Abil: Breathe Acid      |       |       |     2 |     2 |     1 ||     5
       Evoke Blink       |       |       |       |     8 |    15 ||    23
  Use: Scroll            |     1 |     5 |     9 |     9 |     4 ||    28
       Potion            |       |       |     1 |     1 |     8 ||    10
 Stab: Sleeping          |     1 |       |       |       |       ||     1
  Eat: Chunk             |    12 |    18 |    15 |    54 |    42 ||   141
       Ration            |       |       |     1 |     9 |    10 ||    20
Armor: Skin              |     8 |    37 |    68 |   178 |   101 ||   392
Dodge: Dodged            |    28 |    73 |   117 |   214 |   217 ||   649

Table legend:
 A = Spawn XP
 B = Non-spawn XP
 C = Spawn XP percentage of total XP
 D = Spawn monster count
 E = Non-spawn monster count
 F = Spawn count percentage of total count
 G = Total turns spent on level
                    A         B        C        D         E        F      G
               +---------+---------+-------+---------+---------+-------+---------
         Total |       0 |   79612 |   0.0 |       0 |     523 |   0.0 | 41820
               +---------+---------+-------+---------+---------+-------+---------
           D:1 |       0 |      49 |   0.0 |       0 |      22 |   0.0 |  1875
           D:2 |       0 |      91 |   0.0 |       0 |      20 |   0.0 |  2175
           D:3 |       0 |     167 |   0.0 |       0 |      31 |   0.0 |  2361
           D:4 |       0 |     374 |   0.0 |       0 |      17 |   0.0 |  2287
           D:5 |       0 |     780 |   0.0 |       0 |      12 |   0.0 |   984
           D:6 |       0 |     525 |   0.0 |       0 |       9 |   0.0 |  1425
           D:7 |       0 |    1984 |   0.0 |       0 |      27 |   0.0 |  2038
           D:8 |       0 |    1789 |   0.0 |       0 |      14 |   0.0 |  1696
           D:9 |       0 |    4163 |   0.0 |       0 |      47 |   0.0 |  2241
          D:10 |       0 |    2223 |   0.0 |       0 |      27 |   0.0 |  2010
          D:11 |       0 |    2883 |   0.0 |       0 |      24 |   0.0 |  1808
          D:12 |       0 |    6875 |   0.0 |       0 |      46 |   0.0 |  2377
        Lair:1 |       0 |    6678 |   0.0 |       0 |      23 |   0.0 |  1938
        Lair:2 |       0 |    8925 |   0.0 |       0 |      40 |   0.0 |  4085
        Lair:3 |       0 |    7809 |   0.0 |       0 |      21 |   0.0 |  1640
        Lair:4 |       0 |    9939 |   0.0 |       0 |      52 |   0.0 |  2704
        Lair:5 |       0 |   14067 |   0.0 |       0 |      46 |   0.0 |  6499
        Lair:6 |       0 |   10288 |   0.0 |       0 |      44 |   0.0 |  1673
         Orc:1 |       0 |       3 |   0.0 |       0 |       1 |   0.0 |     4
               +---------+---------+-------+---------+---------+-------+---------
